 Dungeon Crawl Stone Soup version 0.25.1-3-ge44b62a0b3 (webtiles) character file.

Game seed: 3657876873206459313

3681 BledDest the Slinger (level 9, 0/69 HPs)
             Began as a Demonspawn Artificer on Nov 20, 2020.
             Was a Follower of Makhleb.
             Slain by a wight
             ... wielding a +3 halberd
              (17 damage)
             ... on level 7 of the Dungeon.
             The game lasted 00:29:54 (9242 turns).

BledDest the Slinger (Demonspawn Artificer)         Turns: 9242, Time: 00:29:54

Health: 0/69       AC: 12    Str: 15    XL:     9   Next: 90%
Magic:  11/11      EV: 20    Int: 12    God:    Makhleb [*.....]
Gold:   295        SH:  0    Dex: 15    Spells: 8/8 levels left

rFire    . . .     SeeInvis .   (weapon currently unavailable)
rCold    . . .     Gourm    .   (shield currently unavailable)
rNeg     + + +     Faith    .   (armour currently unavailable)
rPois    +         Spirit   .   (helmet currently unavailable)
rElec    .         Reflect  .   (cloak currently unavailable)
rCorr    .         Harm     .   (gloves currently unavailable)
MR       .....                  (boots currently unavailable)
Stlth    ++........             (no amulet)
HPRegen  0.21/turn              (no ring)
MPRegen  0.12/turn              (no ring)

@: fungus-form, marked
A: tiny, powered by death 1, powered by pain 1
a: Renounce Religion


You were on level 7 of the Dungeon.
You worshipped Makhleb.
Makhleb was aware of your devotion.
You were not hungry.
You were a sentient fungus.
You visited 2 branches of the dungeon, and saw 8 of its levels.
You also visited: Sewer.

You collected 295 gold pieces.

Inventory:

Hand Weapons
 n - a +0 whip
 o - a +1 hunting sling
 v - a +2 whip of flaming
 B - a +1 short sword of electrocution (melded)
Missiles
 c - 5 javelins
 i - 31 poisoned darts (quivered)
 k - 188 stones
 l - 12 atropa-tipped darts
 y - 41 sling bullets
 J - 2 throwing nets
Armour
 b - a +0 kite shield
 q - a +0 ring mail (melded)
 u - a +0 cloak (melded)
 C - a +0 pair of boots (melded)
Jewellery
 x - an uncursed amulet of faith
 z - a -4 ring of intelligence
Wands
 d - a wand of enslavement (15)
Scrolls
 e - 2 scrolls of blinking {unknown}
 g - 2 scrolls of magic mapping
 j - 7 scrolls of identify
 m - 5 scrolls of remove curse
 p - 2 scrolls of teleportation
 w - 2 scrolls of random uselessness {unknown}
 E - 2 scrolls of fog {unknown}
 F - a scroll of amnesia {unknown}
 G - a scroll of vulnerability {unknown}
 H - a scroll of noise {unknown}
 I - a scroll of enchant weapon
Potions
 a - 2 potions of flight {unknown}
 h - a potion of ambrosia
 r - 5 potions of curing
 s - a potion of lignification
 t - 3 potions of brilliance
 A - 3 potions of heal wounds {unknown}
 D - a potion of haste {unknown}
Comestibles
 f - 4 rations


   Skills:
 + Level 6.0 Fighting
 * Level 5.8 Short Blades
 + Level 9.3 Slings
 - Level 3.0 Armour
 - Level 3.0 Dodging
 - Level 0.8 Stealth
 - Level 3.0 Evocations


You had 8 spell levels left.
You didn't know any spells.
Your spell library contained the following spells:

 Spells                   Type           Power        Failure   Level  Hunger
 Magic Dart               Conj           #...         32%         1    ##.....
 Searing Ray              Conj           #.....       45%         2    ###....
 Dazzling Flash           Conj/Hex       #.....       69%         3    ####...
 Fulminant Prism          Conj/Hex       #.........   97%         4    #####..
 Iskenderun's Mystic Bla  Conj/Tloc      #.......     97%         4    #####..


Dungeon Overview and Level Annotations

Branches:
Dungeon (7/15)             Temple (1/1) D:6           Sewer (visited)

Altars:
Ashenzari
Cheibriados
Dithmenos
Elyvilon
Fedhas
Gozag
Hepliaklqana
Makhleb
Nemelex Xobeh
Okawaru
Qazlal
Ru
Sif Muna
Trog
Uskayaw
Vehumet
Wu Jian
Xom
Yredelemnul
Zin
The Shining One


Innate Abilities, Weirdness & Mutations

((You have a pair of small horns on your head.))
((You are partially covered in icy blue scales. (AC +2)))
You regenerate a little health from kills.
You sometimes gain a little power by taking damage.


Message History

You release spores at Harold.
Harold appears confused.
Harold is almost dead.
Harold hits you but does no damage. The gnoll closely misses you.
The wight barely misses you. The gnoll barely misses you.
You release spores at Harold!
You kill Harold!
Makhleb accepts your kill.
Your life force feels restored.
Your Fighting skill increases to level 6!
Your Short Blades skill increases to level 5!
The gnoll misses you.
You're too terrified to move while being watched!
You release spores at the gnoll!
The gnoll is almost dead.
The wight hits you but does no damage. The gnoll misses you.
You barely miss the gnoll.
The gnoll is almost dead.
The gnoll closely misses you. The gnoll barely misses you.
The wight hits you from afar with a +3 halberd!
You die...

#### #...## ##>....##
##..g....# #.<.......
.....g....#
#...........################
##l...g..##..)ggf)zzgg5o...#
##.....##################.#
....## ###.....#.# .#.##
##...###...######
.#..##########..###
###....... ..........#.##♣
♣##.##### ..# #...# #......
#.# #..## ##..###
#######.#### #..# #..#


You could see an orc warrior, a gnoll shaman, 2 wights, 3 gnolls and a crimson
imp.

Vanquished Creatures
  Harold (D:7)
  Pikel (D:5)
  Joseph (D:7)
  Menkaure (D:6)
  Duvessa (D:5)
  A sky beast (D:7)
  2 slaves (D:5)
  2 phantoms (D:6)
  An ice beast (D:5)
  A centaur (D:6)
  3 ogres
  A bullfrog (Sewer)
  A gnoll sergeant (D:5)
  Dowan (D:5)
  4 wights (D:6)
  A crimson imp (D:7)
  A bullfrog zombie (D:4)
  7 hounds
  2 jellies (D:6)
  A centaur skeleton (D:5)
  2 bullfrog skeletons
  Terence (D:3)
  Ijyb (D:3)
  3 iguanas
  3 worker ants
  A hound zombie (D:6)
  11 adders
  6 gnolls
  2 shadow imps (D:6)
  16 oozes
  3 adder skeletons
  2 worms
  A dart slug (D:2)
  20 leopard geckos
  8 orcs
  7 bats
  13 giant cockroaches
  5 goblins
  5 hobgoblins
  2 quokkas (D:2)
  10 ball pythons
  A ball python skeleton (D:5)
  14 frilled lizards
  A jackal skeleton (D:4)
  9 kobolds
  2 leopard gecko skeletons
  2 quokka skeletons
  8 rats
193 creatures vanquished.

Vanquished Creatures (others)
  2 slaves (D:5)
  A gnoll (D:5)
3 creatures vanquished.

Grand Total: 196 creatures vanquished

Notes
Turn   | Place    | Note
-------+----------+-------------------------------------------
     0 | D:1      | BledDest the Demonspawn Artificer began the quest for the
                  | Orb.
     0 | D:1      | Reached XP level 1. HP: 15/15 MP: 3/3
   373 | D:1      | Gained mutation: You have a pair of small horns on your
                  | head. [demonic ancestry]
   373 | D:1      | Reached XP level 2. HP: 19/22 MP: 4/4
  1417 | D:1      | Reached XP level 3. HP: 29/29 MP: 5/5
  1782 | D:2      | Reached skill level 1 in Armour
  1790 | D:2      | Reached XP level 4. HP: 20/35 MP: 6/6
  2860 | D:3      | Noticed Terence
  2867 | D:3      | Killed Terence
  2867 | D:3      | Reached XP level 5. HP: 35/41 MP: 7/7
  3007 | D:3      | Reached skill level 1 in Slings
  3111 | D:3      | Noticed Ijyb
  3138 | D:3      | Killed Ijyb
  3786 | D:4      | Reached skill level 2 in Slings
  3958 | D:4      | Noticed an ogre
  3989 | D:4      | Killed an ogre
  3989 | D:4      | Gained mutation: You sometimes gain a little power by
                  | taking damage. [demonic ancestry]
  3989 | D:4      | Reached XP level 6. HP: 47/47 MP: 8/8
  4022 | D:4      | Reached skill level 3 in Slings
  4503 | D:5      | Entered Level 5 of the Dungeon
  4625 | D:5      | Found a glowing drain.
  4633 | Sewer    | Entered a sewer
  4877 | Sewer    | Reached skill level 4 in Slings
  5134 | Sewer    | Reached XP level 7. HP: 52/52 MP: 9/9
  5306 | Sewer    | Reached skill level 5 in Slings
  5656 | D:5      | Noticed Dowan
  5672 | D:5      | Killed Dowan
  5682 | D:5      | Noticed Duvessa
  5712 | D:5      | Reached skill level 6 in Slings
  5730 | D:5      | Found a burning altar of Makhleb.
  6038 | D:5      | Noticed Pikel
  6066 | D:5      | Killed Pikel
  6066 | D:5      | Reached skill level 7 in Slings
  6066 | D:5      | Gained mutation: You are partially covered in icy blue
                  | scales. (AC +2) [demonic ancestry]
  6066 | D:5      | Reached XP level 8. HP: 44/58 MP: 10/10
  6168 | D:5      | Reached skill level 8 in Slings
  6685 | D:5      | Killed Duvessa
  6733 | D:6      | Found a staircase to the Ecumenical Temple.
  6739 | D:6      | Reached skill level 1 in Short Blades
  6756 | Temple   | Entered the Ecumenical Temple
  7064 | Temple   | Became a worshipper of Makhleb the Destroyer
  7169 | D:6      | Noticed Menkaure
  7211 | D:6      | Killed Menkaure
  7538 | D:6      | Gained mutation: You regenerate a little health from kills.
                  | [demonic ancestry]
  7538 | D:6      | Reached XP level 9. HP: 55/66 MP: 11/11
  8818 | D:6      | Reached skill level 5 in Fighting
  8929 | D:7      | Noticed Joseph
  8940 | D:7      | Killed Joseph
  8940 | D:7      | Reached skill level 9 in Slings
  9165 | D:7      | Noticed Harold
  9208 | D:7      | Reached * piety under Makhleb
  9240 | D:7      | Killed Harold
  9240 | D:7      | Reached skill level 5 in Short Blades
  9242 | D:7      | Slain by a wight

Illustrated notes

Levels and vault maps discovered:
D:1:      lordsloth_arrival_two_stooges, layout_basic
D:2:      layout_basic, kennysheep_generic_room_15
D:3:      layout_loops_ring, first_ration, minmay_quantized, uniq_ijyb,
          uniq_terence
D:4:      layout_cave_pools, grunt_ministairs_8
D:5:      layout_basic, gup_sewer_entry_bubbles, makhleb_heckhound_becter,
          uniq_duvessa, uniq_pikel
D:6:      layout_gridville, minmay_temple_entry_mist, uniq_menkaure
D:7:      cheibrodos_iron_armory, layout_loops_ring, grunt_livestock,
          minmay_chambers_of_fives, uniq_harold, uniq_joseph
Temple:   roderic_octagonal_lattice_temple

Skill      XL: |  1  2  3  4  5  6  7  8  9 |
---------------+----------------------------+-----
Fighting       | 2 3 4 6 |  6.0
Dodging        | 2 3 |  3.0
Armour         | 1 2 3 |  3.0
Slings         | 2 4 7 8 9 |  9.3
Short Blades   | 2 5 |  5.8
Stealth        | |  0.8
Evocations     | |  3.0

Action                   |  1- 3 |  4- 6 |  7- 9 || total
-------------------------+-------+-------+-------++-------
Melee: Short sword       |    16 |       |   162 ||   178
       Mace              |    17 |       |       ||    17
       Whip              |    78 |    70 |       ||   148
       Headbutt          |    14 |    13 |    37 ||    64
       Hunting sling     |       |     1 |       ||     1
       Unarmed           |       |       |    10 ||    10
 Fire: Hunting sling     |       |   265 |   164 ||   429
Throw: Dart              |     8 |       |    37 ||    45
       Stone             |     3 |       |       ||     3
       Javelin           |       |       |    11 ||    11
Evoke: Wand              |     3 |    27 |     3 ||    33
  Use: Scroll            |       |     7 |     2 ||     9
 Stab: Confused          |       |       |     1 ||     1
  Eat: Chunk             |     3 |     7 |     7 ||    17
       Ration            |       |     1 |     2 ||     3
Armor: Leather armour    |    18 |       |       ||    18
       Ring mail         |    19 |    88 |    73 ||   180
       Skin              |       |       |     3 ||     3
Dodge: Dodged            |    66 |   133 |   165 ||   364
